 Dungeon Crawl Stone Soup version 0.29-a0-96-g93358da72b (webtiles) character file.

Game seed: 5362767176372596190

79 siradein the Insei (level 4, 0/29 HPs)
             Began as an Octopode Transmuter on Feb 11, 2022.
             Succumbed to miscasting Spider Form's poison
             ... on level 2 of the Dungeon.
             The game lasted 00:02:27 (2268 turns).

siradein the Insei (Octopode Transmuter)            Turns: 2268, Time: 00:02:28

Health: 0/29       AC:  1    Str:  9    XL:     4   Next: 37%
Magic:  4/7        EV: 13    Int: 17    God:
Gold:   64         SH:  0    Dex: 12    Spells: 1/7 levels left

rFire   . . .      SeeInvis .   b - +2 dagger (holy)
rCold   . . .      Faith    .   (no shield)
rNeg    . . .      Spirit   .   (helmet restricted)
rPois   .          Reflect  .   (no amulet)
rElec   .          Harm     .   (no ring)
rCorr   .          Rampage  .   (no ring)
Will    .....                   (no ring)
Stlth   ++........              (no ring)
HPRegen 0.09/turn               (no ring)
MPRegen 0.10/turn               (no ring)
                                (no ring)
                                (no ring)

@: lethally poisoned (0 -> -2), very slightly contaminated
A: almost no armour, amphibious, 8 rings, camouflage 1, gelatinous body 1,
(nimble swimmer 1), tentacles
a: no special abilities


You were on level 2 of the Dungeon.
You visited 1 branch of the dungeon, and saw 2 of its levels.

You collected 64 gold pieces.

Inventory:

Hand Weapons
 b - a +2 dagger of holy wrath (weapon)
Scrolls
 a - a scroll of noise {unknown}
Potions
 c - a potion of cancellation {unknown}


   Skills:
 + Level 1.8 Fighting
 + Level 2.6 Dodging
 + Level 3.4 Unarmed Combat
 + Level 2.4 Spellcasting
 + Level 2.5 Transmutations
 + Level 1.0 Poison Magic


You had one spell level left.
You knew the following spells:

 Your Spells              Type           Power      Damage    Failure   Level
a - Beastly Appendage     Tmut           20%        N/A       7%          1
b - Wereblood             Tmut           10%        N/A       10%         2
c - Spider Form           Tmut/Pois      8%         N/A       26%         3

Your spell library contained the following spells:

 Spells                   Type           Power      Damage    Failure   Level
 Ice Form                 Ice/Tmut       6%         N/A       73%         4


Dungeon Overview and Level Annotations

Branches:
Dungeon (2/15)

Altars:

Shops:
D:2 *


Innate Abilities, Weirdness & Mutations

You cannot wear most types of armour.
You are amphibious.
You can wear up to eight rings at the same time.
Your skin changes colour to match your surroundings (Stealth+).
Your rubbery body absorbs attacks. (AC +1, EV +1)
((You are camouflaged when in or above water. (Stealth+)))
You have tentacles for arms and can constrict up to eight enemies at once.


Message History

Your Poison Magic skill increases to level 1!
You barely miss the gnoll.
A gnoll comes into view. It is wielding a +0 flail.
The gnoll shouts!
You hit the gnoll.
The gnoll is poisoned.
The gnoll is moderately wounded.
The gnoll misses you.
You hit the gnoll.
The gnoll looks as sick as possible!
The gnoll is heavily wounded.
The gnoll closely misses you. The gnoll hits you but does no damage.
You barely miss the gnoll.
The gnoll is heavily wounded.
The gnoll barely misses you.
You hit the gnoll.
The gnoll looks as sick as possible!
The gnoll is severely wounded.
Your transformation has ended.
Your +2 dagger of holy wrath unmelds from your body.
Your +2 dagger of holy wrath softly glows with a divine radiance!
The gnoll completely misses you. The gnoll hits you with a +0 club.
The gnoll hits you with a +0 club.
You kill the gnoll!
You see here a ring of willpower.
Things that are here:
a +0 whip; 5 stones; a kobold corpse The gnoll hits you with a +0 flail!
The gnoll hits you from afar with a +0 spear.
* * * LOW HITPOINT WARNING * * *
There is an entrance to Girhuaf's Assorted Antiques here.
You see here 11 sling bullets.
You see here a +0 morningstar.
Casting: Spider Form (quite dangerous; 26% risk of failure)
Confirm with . or Enter, or press ? or * to list all spells.
The spell is quite dangerous to miscast (26% risk of failure)!
Continue anyway?
You miscast Spider Form.
You are very lightly contaminated with residual magic.
You feel incredibly sick.
You are poisoned.
* * * LOW HITPOINT WARNING * * *
x2 You feel sick.
The gnoll closely misses you.
You die...

....# #.# ###.#
#.# # #.# #.# #
#.# #†# # #.#
##.#### # #.#
#.....# ###.#
##.##.# .##.#
####.# .##.# #@#
.##.# #.# ..#.#
#.# #.### #g#
#..### #.#
##...#### #.#
.###....########.#
..(####.......##.#
.###....#####....#


You could see a gnoll.

Vanquished Creatures
  2 gnolls (D:2)
  An adder (D:2)
  3 dart slugs (D:1)
  A ball python (D:2)
  4 bats
  3 endoplasms
  2 giant cockroaches
  3 goblins
  7 hobgoblins
  3 jackals (D:1)
  3 quokkas (D:1)
  A frilled lizard (D:2)
  3 kobolds
  4 rats
40 creatures vanquished.

Vanquished Creatures (others)
  4 toadstools (D:1)
4 creatures vanquished.

Grand Total: 44 creatures vanquished

Notes
Turn   | Place    | Note
-------+----------+-------------------------------------------
     0 | D:1      | siradein the Octopode Transmuter began the quest for the
                  | Orb.
     0 | D:1      | Reached XP level 1. HP: 13/13 MP: 3/3
   211 | D:1      | Reached XP level 2. HP: 13/18 MP: 3/5
   662 | D:1      | Reached XP level 3. HP: 19/23 MP: 4/6
   665 | D:1      | Learned a level 2 spell: Wereblood
   669 | D:1      | Learned a level 3 spell: Spider Form
  1996 | D:2      | Found Girhuaf's Assorted Antiques.
  2061 | D:2      | Reached XP level 4. HP: 23/29 MP: 5/7
  2205 | D:2      | Reached skill level 1 in Poison Magic
  2267 | D:2      | HP: 1/29 [poisoned by miscasting Spider Form]
  2268 | D:2      | Succumbed to miscasting Spider Form's poison

Illustrated notes

Levels and vault maps discovered:
D:1:      ldierk_walled_garden_2, layout_basic
D:2:      minmay_general_purpose_star, layout_loops_ring, serial_shops,
          nicolae_shop_waterfront

Skill      XL: |  1  2  3  4 |
---------------+-------------+-----
Poison Magic   | 1 |  1.0
Fighting       | |  1.8
Dodging        | |  2.6
Unarmed Combat | |  3.4
Spellcasting   | |  2.4
Transmutations | |  2.5

Action                   |  1- 3 |  4- 6 || total
-------------------------+-------+-------++-------
Melee: Unarmed           |    52 |     8 ||    60
       Kick              |    27 |       ||    27
       Constrict         |    24 |       ||    24
       Tentacles         |    10 |       ||    10
       Dagger            |    23 |     1 ||    24
       Punch             |     1 |       ||     1
 Cast: Beastly Appendage |    22 |     1 ||    23
       Spider Form       |       |     1 ||     1
 Stab: Sleeping          |     2 |       ||     2
Armor: Skin              |     7 |     1 ||     8
Dodge: Dodged            |    44 |     9 ||    53

Table legend: (Time is in decaauts)
 A = Elapsed time spent in this place.
 B = Non-inter-level travel time spent in this place.
 C = Inter-level travel time spent in this place.
 D = Time resting spent in this place.
 E = Time spent auto-exploring this place.
 F = Levels seen in this place.
 G = Mean time per level.
                   A        B        C        D        E       F      G
               +--------+--------+--------+--------+--------+-----+--------+
         Total |   2263 |   2154 |    109 |      0 |   1852 |   2 | 1131.5 |
       Dungeon |   2263 |   2154 |    109 |      0 |   1852 |   2 | 1131.5 |
               +--------+--------+--------+--------+--------+-----+--------+

Top non-repeatable levels by time:
     D:1: 1611 daAuts
     D:2: 652 daAuts
